 Dungeon Crawl Stone Soup version 0.29.1-15-g9cfb28693d (webtiles) character file.

Game seed: 10015848680343734061

4246 Doorstop00 the Basher (level 10, -9/86 HPs)
             Began as a Minotaur Berserker on Jan 6, 2023.
             Was an Elder of Trog.
             Mangled by a rust devil (11 damage)
             ... led by Amaemon
             ... on level 8 of the Dungeon on Mar 18, 2024.
             The game lasted 00:37:54 (9331 turns).

Doorstop00 the Basher (Minotaur Berserker)          Turns: 9331, Time: 00:37:55

Health: -9/86      AC: -27   Str: 24    XL:     10   Next: 9%
Magic:  9/9        EV: 12    Int:  6    God:    Trog [****..]
Gold:   313        SH:  5    Dex: 10    Spells: 9/9 levels left

rFire   + . .      SeeInvis .   x - +2 mace (drain)
rCold   x . .      Faith    .   (no shield)
rNeg    . . .      Spirit   .   u - +2 ring mail {rPois}
rPois   +          Reflect  +   (helmet restricted)
rElec   .          Harm     .   l - +0 cloak
rCorr   .          Rampage  .   B - +1 pair of gloves
Will    .....                   (no boots)
Stlth   +.........              c - amulet of reflection
HPRegen 0.24/turn               o - ring of fire
MPRegen 0.11/turn               (no ring)

@: corroded, on berserk cooldown, slowed, very slow
A: horns 2, retaliatory headbutt
a: Renounce Religion, Berserk, Trog's Hand, Brothers in Arms


You were on level 8 of the Dungeon.
You worshipped Trog.
Trog was greatly pleased with you.
You visited 1 branch of the dungeon, and saw 8 of its levels.

You collected 349 gold pieces.
You spent 36 gold pieces at shops.

Inventory:

Hand Weapons
 i - a +2 whip of venom
 j - a +2 vorpal long sword
 k - a +3 quarterstaff of chaos
 t - a +0 war axe
 x - a +2 mace of draining (weapon)
Armour
 l - a +0 cloak (worn)
 u - a +2 ring mail of poison resistance (worn)
 y - a +0 plate armour
 B - a +1 pair of gloves (worn)
Jewellery
 c - an amulet of reflection (around neck)
 o - a ring of fire (left hand)
Wands
 s - a wand of polymorph (4)
 z - a wand of charming (9)
 E - a wand of flame (25)
Scrolls
 a - a scroll of summoning {unknown}
 d - a scroll of fear
 q - 2 scrolls of identify
 r - 3 scrolls of teleportation
 v - a scroll of enchant armour
 w - a scroll of magic mapping
 C - 3 scrolls of fog
Potions
 b - 3 potions of heal wounds
 f - a potion of berserk rage {unknown}
 g - a potion of brilliance
 h - a potion of resistance {unknown}
 m - 4 potions of curing
 n - 2 potions of flight
 p - a potion of might {unknown}
 A - a potion of haste {unknown}
 D - a potion of mutation {unknown}


   Skills:
 * Level 7.6 Fighting
 * Level 8.4(10.2) Axes
 * Level 9.0(10.4) Maces & Flails
 * Level 8.2 Armour
 * Level 6.0 Dodging
 + Level 1.9 Stealth
 * Level 3.7 Shields
 + Level 0.1 Evocations


You had 9 spell levels left.
You didn't know any spells.
Your spell library was empty.

Dungeon Overview and Level Annotations

Branches:
Dungeon (8/15)             Temple (0/1) D:5
   Lair: D:8-11

Altars:
Nemelex Xobeh
Trog
Wu Jian
Zin

Shops:
D:1 *   D:2 (


Innate Abilities, Weirdness & Mutations

You have a pair of horns on your head.
You reflexively headbutt those who attack you in melee.


Message History

You barely miss the rust devil. Your headbutt misses the rust devil.
The rust devil is moderately wounded.
The rust devil hits you. The rust devil corrodes you!
You closely miss the rust devil.
The rust devil is moderately wounded.
You hit the rust devil but do no damage.
Your headbutt misses the rust devil.
The rust devil is moderately wounded.
The rust devil hits you! The rust devil corrodes you!
You sock the rust devil!
The rust devil is heavily wounded.
You hit the rust devil but do no damage.
You headbutt the rust devil, but do no damage.
The rust devil is heavily wounded.
The rust devil hits you. The rust devil corrodes you!
You feel a strong urge to attack something.
You are no longer berserk.
You are exhausted.
You feel yourself slow down.
There is an open door here.
There is a stone staircase leading up here.
The rust devil attacks as you move away!
The rust devil hits you.
* * * LOW HITPOINT WARNING * * *
The rust devil corrodes you!
The rust devil attacks as you move away!
The rust devil hits you!
* * * LOW HITPOINT WARNING * * *
The rust devil corrodes you! The rust devil misses you.
The rust devil attacks as you move away!
The rust devil hits you.
* * * LOW HITPOINT WARNING * * *
The rust devil corrodes you!
The rust devil attacks as you move away!
You block the rust devil's attack. The rust devil hits you!
* * * LOW HITPOINT WARNING * * *
The rust devil corrodes you!
The rust devil attacks as you move away!
The rust devil hits you!
You die...

#..........#####'#)..........
#..........#.....'...........
#.....#'####.....#...........
#.....#...#......#...........
#.....#...#......#...........
#.....#...##.....#..........#
#.....#...########..........#
#.....######....<'..........#
#.....+<....@4...#..........#
#.....#..........#..(.......#
#.....#..........#...[[)....+
###.....#+####.....######)....#
...........###.....##...#.....#
...........#............#.....+
...........#............#.....#
...........#............#.....#
...........#............#.....#


You could see a rust devil.

Vanquished Creatures
  Amaemon (D:7)
  An unseen horror zombie (D:6)
  A wyvern (D:7)
  2 steam dragons (D:8)
  The ghost of Horez the Slasher, an amateur MfGl (D:6)
  Menkaure (D:6)
  Duvessa (D:5)
  A water moccasin (D:8)
  An orc warrior (D:7)
  An ice beast (D:5)
  A sky beast (D:6)
  A black bear (D:4)
  5 ogres
  A centaur (D:7)
  5 bullfrogs
  A gnoll sergeant (D:8)
  3 necrophages
  A scorpion (D:7)
  Dowan (D:5)
  3 howler monkeys
  A spectral centaur (D:6)
  Crazy Yiuf (D:2)
  5 hounds
  3 jellies
  4 orc priests
  A gnoll bouda (D:7)
  5 iguanas
  5 orc wizards
  A howler monkey zombie (D:6)
  4 gnolls (D:8)
  4 adders
  A shadow imp (D:6)
  4 white imps
  A howler monkey simulacrum (D:6)
  2 ufetubi (D:4)
  3 worms
  2 dart slugs (D:2)
  37 orcs
  6 endoplasms
  3 giant cockroaches
  6 goblins
  3 hobgoblins (D:1)
  2 quokkas
  8 ball pythons
  4 bats
  3 frilled lizards
  8 kobolds
  8 rats
168 creatures vanquished.

Vanquished Creatures (others)
  3 fungi (D:2)
  22 plants (D:2)
25 creatures vanquished.

Grand Total: 193 creatures vanquished

Notes
Turn   | Place    | Note
-------+----------+-------------------------------------------
     0 | D:1      | Doorstop00 the Minotaur Berserker began the quest for the
                  | Orb.
     0 | D:1      | Reached XP level 1. HP: 19/19 MP: 0/0
   216 | D:1      | Reached XP level 2. HP: 27/27 MP: 1/1
   216 | D:1      | Upgraded the game from 0.29.1-12-g30fa7ad0bf to
                  | 0.29.1-15-g9cfb28693d
   664 | D:1      | Reached ** piety under Trog
   672 | D:1      | Found Uzxelum's Assorted Antiques.
   680 | D:1      | Bought a fuming grey potion for 17 gold pieces
   680 | D:1      | Bought a scroll labelled IDYZO NAWONUPT for 19 gold pieces
   981 | D:2      | Found a faded altar of an unknown god.
  1141 | D:2      | Found Caxefu's Weapon Emporium.
  1172 | D:2      | Reached XP level 3. HP: 33/34 MP: 2/2
  1846 | D:2      | Found a runed translucent door.
  1847 | D:2      | Noticed Crazy Yiuf
  1855 | D:2      | Killed Crazy Yiuf
  1856 | D:2      | Reached XP level 4. HP: 41/41 MP: 3/3
  2057 | D:3      | Reached skill level 1 in Maces & Flails
  2301 | D:3      | You fall into a shaft and drop 1 floor!
  2357 | D:4      | Noticed an ogre
  2361 | D:4      | Reached XP level 5. HP: 47/47 MP: 4/4
  2365 | D:4      | Killed an ogre
  2366 | D:4      | Reached skill level 5 in Fighting
  2438 | D:4      | Noticed a black bear
  2447 | D:4      | Killed a black bear
  2448 | D:4      | Reached skill level 5 in Axes
  2448 | D:4      | Reached skill level 2 in Maces & Flails
  2448 | D:4      | Reached XP level 6. HP: 56/56 MP: 5/5
  2868 | D:4      | Identified the +0 robe of Duck's Teeth {Slay+3 SInv}
  2878 | D:4      | Reached skill level 5 in Armour
  2878 | D:4      | Reached skill level 1 in Shields
  3068 | D:4      | Reached skill level 3 in Maces & Flails
  3209 | D:5      | Entered Level 5 of the Dungeon
  3220 | D:4      | Reached XP level 7. HP: 54/61 MP: 6/6
  3349 | D:5      | Reached skill level 4 in Maces & Flails
  3583 | D:5      | Noticed Dowan
  3607 | D:5      | Reached *** piety under Trog
  3618 | D:5      | Killed Dowan
  4925 | D:5      | Noticed Duvessa
  5180 | D:6      | Found a bloodstained altar of Trog.
  5209 | D:6      | Reached skill level 1 in Stealth
  5230 | D:6      | Reached skill level 5 in Maces & Flails
  5230 | D:6      | Reached XP level 8. HP: 32/70 MP: 7/7
  5425 | D:6      | Noticed Menkaure
  5431 | D:6      | Killed Menkaure
  5724 | D:6      | Found a runed translucent gate.
  5725 | D:6      | Found a runed translucent gate.
  5725 | D:6      | Found a runed translucent gate.
  5729 | D:6      | Noticed Horez's ghost (amateur MfGl)
  5749 | D:6      | Killed Horez's ghost
  5750 | D:6      | Reached skill level 6 in Maces & Flails
  6182 | D:5      | Killed Duvessa
  6183 | D:5      | Reached skill level 7 in Maces & Flails
  6397 | D:5      | Reached skill level 5 in Dodging
  6397 | D:5      | Reached XP level 9. HP: 54/78 MP: 8/8
  6681 | D:5      | Found a glowing silver altar of Zin.
  6738 | D:5      | Found a staircase to the Ecumenical Temple.
  7032 | D:7      | Reached **** piety under Trog
  7593 | D:7      | Found a sparkling altar of Nemelex Xobeh.
  7646 | D:7      | Found an ornate altar of the Wu Jian Council.
  7930 | D:7      | Reached skill level 8 in Maces & Flails
  8458 | D:8      | Identified the +1 quarterstaff of Karma {venom, Contam rF++
                  | Int-5 Dex+8}
  9077 | D:8      | Noticed Amaemon
  9077 | D:8      | Noticed an orange demon
  9148 | D:7      | Killed Amaemon
  9149 | D:7      | Reached skill level 9 in Maces & Flails
  9149 | D:7      | Reached XP level 10. HP: 77/86 MP: 9/9
  9286 | D:8      | Noticed a rust devil
  9286 | D:8      | an orange demon changed into a rust devil
  9330 | D:8      | HP: 2/86 [rust devil[Amaemon] (11)]
  9331 | D:8      | Mangled by a rust devil

Illustrated notes

Levels and vault maps discovered:
D:1:      minmay_arrival_floating_metal, layout_loops_ring, serial_shops,
          nicolae_diamond_shop
D:2:      layout_rooms, serial_shops, nicolae_shop_bloodbath_and_beyond,
          hellmonk_ecumenical_altar_crossroads, serial_bayou_pond_e,
          chequers_arboretum, grunt_decor_junction, serial_bayou_lagoon_a,
          uniq_crazy_yiuf_cottage
D:3:      layout_loops_ring, kennysheep_pointless_box, uniq_grinder
D:4:      layout_gridville
D:5:      layout_cave_pools, zin_scriptorium, minmay_temple_entry_overgrown,
          kennysheep_generic_room_15, uniq_duvessa
D:6:      layout_rooms, mainiacjoe_overflow_paths, gammafunk_ghost_necromancy,
          uniq_menkaure
D:7:      layout_basic, nzn_wu_jian_council_hall, nemelex_diamond_rough_becter,
          palyth_stone_intersect, kennysheep_generic_room_5
D:8:      layout_gridville, uniq_amaemon, uniq_maggie

Skill      XL: |  1  2  3  4  5  6  7  8  9 |
---------------+----------------------------+-----
Fighting       | 4 5 6 7 |  7.6
Axes           | 4 5 6 8 |  8.4
Armour         | 3 4 5 6 8 |  8.2
Maces & Flails | 1 2 3 5 7 9 |  9.0
Dodging        | 3 4 5 6 |  6.0
Shields        | 1 2 3 |  3.7
Stealth        | 1 |  1.9
Evocations     | |  0.1

Action                   |  1- 3 |  4- 6 |  7- 9 | 10-12 || total
-------------------------+-------+-------+-------+-------++-------
Melee: Hand axe          |    54 |       |       |       ||    54
       Headbutt          |    12 |    11 |    66 |    10 ||    99
       Whip              |    26 |    69 |   199 |       ||   294
       Punch             |     1 |     2 |     4 |       ||     7
       War axe           |       |       |    48 |       ||    48
       Mace              |       |       |    88 |    34 ||   122
Invok: Berserk           |     1 |     2 |     5 |     1 ||     9
Evoke: Wand              |       |       |     4 |     1 ||     5
  Use: Scroll            |     7 |     2 |     2 |       ||    11
       Potion            |       |     2 |     3 |       ||     5
Armor: Ring mail         |    13 |    31 |   108 |     1 ||   153
       Animal skin       |     1 |       |       |       ||     1
       Chain mail        |       |       |     3 |       ||     3
Dodge: Dodged            |    42 |    36 |   145 |    11 ||   234
Block: Other             |    11 |    15 |    76 |     3 ||   105
       Reflection        |       |       |     1 |       ||     1
